 Dungeon Crawl Stone Soup version 0.29.1-2-gbd0b4ee654 (webtiles) character file.

Game seed: 14669346384292039708

24 qeuew the Poker (level 3, 27/29 HPs)
             Began as a Merfolk Monk on Nov 11, 2022.
             Was a Believer of Sif Muna.
             Quit the game on level 1 of the Dungeon.
             The game lasted 00:00:59 (607 turns).

qeuew the Poker (Merfolk Monk)                       Turns: 607, Time: 00:00:59

Health: 27/29      AC:  2    Str: 11    XL:     3   Next: 2%
Magic:  3/3        EV: 14    Int:  9    God:    Sif Muna [**....]
Gold:   18         SH:  0    Dex: 18    Spells: 2/2 levels left

rFire   . . .      SeeInvis .   a - +0 spear
rCold   . . .      Faith    .   (no shield)
rNeg    . . .      Spirit   .   b - +0 robe
rPois   .          Reflect  .   (no helmet)
rElec   .          Harm     .   (no cloak)
rCorr   .          Rampage  .   (no gloves)
Will    .....                   (no boots)
Stlth   ++........              (no amulet)
HPRegen 0.09/turn               (no ring)
MPRegen 0.08/turn               (no ring)

@: no status effects
A: (nimble swimmer 2), mertail
a: Renounce Religion, Channel Magic


You were on level 1 of the Dungeon.
You worshipped Sif Muna.
Sif Muna was pleased with you.
You visited 1 branch of the dungeon, and saw 1 of its levels.

You collected 18 gold pieces.

Inventory:

Hand Weapons
 a - a +0 spear (weapon)
Armour
 b - a +0 robe (worn)
Jewellery
 j - a ring of protection from cold
Scrolls
 d - a scroll of identify {unknown}
 e - a scroll of fear {unknown}
 f - a scroll of enchant weapon {unknown}
 g - a scroll of acquirement {unknown}
 i - a scroll of brand weapon {unknown}
Potions
 c - a potion of ambrosia
 h - a potion of mutation {unknown}


   Skills:
 + Level 3.6 Fighting
 + Level 4.4 Polearms
 + Level 4.4 Dodging
 + Level 2.7 Stealth


You had 2 spell levels left.
You didn't know any spells.
Your spell library was empty.

Dungeon Overview and Level Annotations

Branches:
Dungeon (1/15)

Altars:
Sif Muna


Innate Abilities, Weirdness & Mutations

((You are very nimble when in or above water. (Stealth+, EV+, Speed+++)))
Your lower body shifts to a powerful aquatic tail in water.


Message History

Found 2 gold pieces.
A kobold comes into view. It is wielding a +0 short sword.
You can't go down here!
An endoplasm comes into view.
The endoplasm quivers.
The kobold throws a stone.
The stone closely misses you.
You reach to attack!
You closely miss the kobold.
The kobold throws a stone.
The stone closely misses you.
You reach to attack!
You hit the kobold.
The kobold is moderately wounded.
You barely miss the kobold.
The kobold is moderately wounded.
You hit the kobold.
The kobold is heavily wounded.
The kobold hits you but does no damage.
You hit the kobold.
You kill the kobold!
The endoplasm freezes you.
You are frozen.
You hit the endoplasm.
The endoplasm is almost dead.
The endoplasm barely misses you.
You hit the endoplasm but do no damage.
The endoplasm is almost dead.
The endoplasm freezes you.
You are frozen.
You hit the endoplasm.
You kill the endoplasm!
You have reached level 3!
Your experience leads to an increase in your attributes!
Increase (S)trength, (I)ntelligence, or (D)exterity?
You feel agile. x2
Things that are here:
a +0 short sword; a stone
There is a faded altar of an unknown god here.
You cannot tell which god this altar belongs to.
Convert to them anyway?
Sif Muna accepts your prayer! Sif Muna welcomes you!
You can now call upon Sif Muna for magical energy.
Are you sure you want to abandon this character and quit the game? (Confirm with "yes".)

#..###.)..######
#.......### #.
###.#....## #.
#####...#.##.#
#..
#.$$..#.#.##.#
#..
#.........##.#
#..
#[...8....####
#.. #...8)8..##
#. #..8.@.8.# #
. #...8.8..# #..
##...8...# #..
#.......# #..
######### .


There were no monsters in sight!

Vanquished Creatures
  A dart slug (D:1)
  5 endoplasms (D:1)
  A giant cockroach (D:1)
  3 goblins (D:1)
  2 hobgoblins (D:1)
  A kobold (D:1)
  A quokka (D:1)
  A ball python (D:1)
  A frilled lizard (D:1)
  3 rats (D:1)
19 creatures vanquished.

Notes
Turn   | Place    | Note
-------+----------+-------------------------------------------
     0 | D:1      | qeuew the Merfolk Monk began the quest for the Orb.
     0 | D:1      | Reached XP level 1. HP: 18/18 MP: 1/1
   262 | D:1      | Reached XP level 2. HP: 24/24 MP: 2/2
   587 | D:1      | Found a faded altar of an unknown god.
   604 | D:1      | Reached XP level 3. HP: 27/29 MP: 3/3
   606 | D:1      | Prayed at the altar of an unknown god.
   606 | D:1      | Became a worshipper of Sif Muna the Loreminder
   606 | D:1      | Reached * piety under Sif Muna
   606 | D:1      | Reached ** piety under Sif Muna
   607 | D:1      | Quit the game

Illustrated notes

Levels and vault maps discovered:
D:1:      amcnicky_arrival_feature_with_door, layout_rooms,
          chequers_ecumenical_altar_simple_redux,
          hangedman_decor_clover_reticule, minivault_23, nrook_campfire,
          st_stairs_9

Action                   || total
-------------------------++-------
Melee: Spear             ||    51
 Stab: Sleeping          ||     4
Armor: Robe              ||     2
Dodge: Dodged            ||    15
